 Dungeon Crawl Stone Soup version 0.30.1-11-g7821555f0a (webtiles) character file.

Game seed: 5050623975305126385

46033 Anriel the Thaumaturge (level 14, -2/78 HPs)
             Began as a Deep Elf Conjurer on Nov 14, 2023.
             Was an Elder of Sif Muna.
             Slain by a frost giant
             ... wielding a +1 battleaxe of freezing
              (41 damage)
             ... on level 15 of the Dungeon.
             The game lasted 01:49:49 (17675 turns).

Anriel the Thaumaturge (Deep Elf Conjurer)         Turns: 17675, Time: 01:49:50

Health: -2/78      AC:  5    Str:  4    XL:     14   Next: 3%
Magic:  42/42      EV: 18    Int: 29    God:    Sif Muna [****..]
Gold:   842        SH:  0    Dex: 19    Spells: 22/39 levels left

rFire   + . .        F - staff of conjuration
rCold   . . .        (no shield)
rNeg    + + .        H - +1 robe {Archmagi}
rPois   +            V - +0 helmet of Past Mistakes {rPois}
rElec   .            Y - +0 cloak {Will+}
rCorr   .            (no gloves)
SInv    .            (no boots)
Will    ++...        o - amulet of the acrobat
Stlth   ++++         W - ring "Gydanaedgh" {rF+ rN++ Dex+6 Slay+3 Stlth+}
HPRegen 0.33/turn    n - ring of magical power
MPRegen 0.28/turn

%: acrobat, archmagi
@: no status effects
A: no striking features
a: Renounce Religion, Channel Magic, Forget Spell, Divine Exegesis


You were on level 15 of the Dungeon.
You worshipped Sif Muna.
Sif Muna was greatly pleased with you.
You visited 2 branches of the dungeon, and saw 16 of its levels.
You also visited: Ossuary and Gauntlet.

You collected 842 gold pieces.

Inventory:

Hand Weapons
 B - the +12 hand axe "Rann" {protect, Dex+4}
   (You found it on level 6 of the Dungeon)

   Dex:       It affects your dexterity (+4).
Armour
 d - a +1 leather armour of positive energy
 H - a +1 robe of the Archmagi (worn)
 S - a +0 troll leather armour
 V - the +0 helmet of Past Mistakes (worn) {rPois}
   (You found it in a Gauntlet)

   rPois:     It protects you from poison.
 Y - a +0 cloak of willpower (worn)
Magical Staves
 h - a staff of cold
 r - a staff of air
 F - a staff of conjuration (weapon)
Jewellery
 a - a ring of poison resistance
 e - a +5 ring of evasion
 n - a ring of magical power (right hand)
 o - an amulet of the acrobat (around neck)
 C - a ring of fire
 E - a +4 ring of protection
 I - an amulet of regeneration
 M - a ring of protection from fire
 R - a ring of see invisible
 U - a ring of wizardry
 W - the ring "Gydanaedgh" (left hand) {rF+ rN++ Dex+6 Slay+3 Stlth+}
   (You found it in a Gauntlet)

   [ring of dexterity]

   Dex:       It affects your dexterity (+6).
   Slay:      It affects your accuracy & damage with ranged weapons and melee
   (+3).
   rF:        It protects you from fire.
   rN:        It greatly protects you from negative energy.
   Stlth:     It makes you more stealthy.
Wands
 m - a wand of digging (2)
 L - a wand of roots (17)
 N - a wand of mindburst (2)
 P - a wand of paralysis (4)
 X - a wand of flame (13)
Scrolls
 b - a scroll of silence
 g - 2 scrolls of blinking
 j - a scroll of summoning
 l - a scroll of enchant weapon
 q - a scroll of fog
 y - 9 scrolls of teleportation
 A - 3 scrolls of fear
 D - 3 scrolls of magic mapping
Potions
 c - 5 potions of might
 f - 2 potions of curing
 k - a potion of ambrosia
 p - 2 potions of lignification
 s - 2 potions of brilliance
 u - 2 potions of flight
 v - 4 potions of resistance
 w - a potion of cancellation
 T - a potion of invisibility
Miscellaneous
 i - a lightning rod (inert)
 z - a box of beasts
 Q - a phantom mirror


   Skills:
 - Level 5.0 Fighting
 - Level 5.0 Armour
 - Level 10.0 Dodging
 - Level 5.0 Stealth
 + Level 13.3 Spellcasting
 + Level 11.8 Conjurations
 - Level 5.0 Hexes
 - Level 5.0 Translocations
 - Level 5.0 Fire Magic
 - Level 5.0 Ice Magic
 + Level 6.6 Air Magic
 + Level 6.9 Earth Magic
 - Level 10.0 Invocations
 - Level 5.0 Evocations


You had 22 spell levels left.
You knew the following spells:

 Your Spells              Type           Power      Damage    Failure   Level
a - Magic Dart            Conj           100%       1d8       1%          1
b - Searing Ray           Conj           100%       2d8       1%          2
c - Iskenderun's Mystic   Conj/Tloc      100%       2d19      1%          4
d - Airstrike             Air            36%        2d(6-22)  1%          4
e - Stone Arrow           Conj/Erth      100%       3d13      1%          3
f - Hailstorm             Conj/Ice       100%       3d20      1%          3

Your spell library contained the following spells:

 Spells                   Type           Power      Damage    Failure   Level
 Freeze                   Ice            100%       1d10      1%          1
 Shock                    Conj/Air       100%       1d9       1%          1
 Lesser Beckoning         Tloc           100%       N/A       1%          2
 Static Discharge         Conj/Air       100%       2-7/arc   1%          2
 Dazzling Flash           Conj/Hex       100%       N/A       1%          3
 Frozen Ramparts          Ice            100%       1d16      1%          3
 Gell's Gravitas          Tloc           64%        N/A       1%          3
 Teleport Other           Tloc           64%        N/A       1%          3
 Vhi's Electric Charge    Tloc/Air       100%       N/A       1%          3
 Fulminant Prism          Conj/Hex       50%        3d23      1%          4
 Beastly Appendage        Tmut           56%        N/A       2%          1
 Wereblood                Tmut           28%        N/A       4%          2
 Summon Lightning Spire   Summ/Air       55%        N/A       7%          4
 Silence                  Hex/Air        34%        N/A       7%          5
 Spider Form              Tmut/Pois      28%        N/A       9%          3
 Borgnjor's Vile Clutch   Necr/Erth      28%        N/A       19%         5
 Olgreb's Toxic Radiance  Pois           28%        N/A       26%         4
 Agony                    Necr           28%        N/A       58%         5
 Alistair's Intoxication  Tmut/Pois      18%        N/A       58%         5
 Spellforged Servitor     Conj/Summ      44%        N/A       89%         7
 Eringya's Noxious Bog    Tmut/Pois      14%        N/A       99%         6
 Discord                  Hex            32%        N/A       100%        8
 Ignition                 Fire           32%        3d10      100%        8


Dungeon Overview and Level Annotations

Branches:
Dungeon (15/15)            Temple (1/1) D:7            Lair (0/5) D:10
    Orc (0/2) D:10         Vaults (0/5) D:13         Depths (0/4) D:15
Ossuary (visited)         Gauntlet (visited)

Altars:
Ashenzari
Cheibriados
Dithmenos
Elyvilon
Fedhas
Gozag
Hepliaklqana
Kikubaaqudgha
Makhleb
Nemelex Xobeh
Okawaru
Qazlal
Ru
Sif Muna
Trog
Uskayaw
Vehumet
Wu Jian
Xom
Yredelemnul
Zin
The Shining One

Shops:
D:7 :   D:9 (


Message History

The thunderbolt hits the tengu warrior!!
The tengu warrior is heavily wounded.
The tengu warrior shouts!
A tengu warrior comes into view. It is wielding a +0 arbalest.
Aiming: Thunderbolt
Press: ? - help, Shift-Dir - straight line, f - tengu warrior, p - tengu warrior
Aim: a tengu warrior, wielding a +0 arbalest The thunderbolt hits the frost giant.
The frost giant is moderately wounded.
The thunderbolt hits the tengu warrior!
The tengu warrior is lightly wounded.
The thunderbolt hits the tengu warrior!
The tengu warrior is severely wounded.
The tengu warrior shoots a bolt.
The bolt completely misses you. The frost giant casts a spell at you.
The bolt of cold misses you.
Aiming: Thunderbolt
Press: ? - help, Shift-Dir - straight line, f - tengu warrior, p - tengu warrior
Aim: a tengu warrior, wielding a +0 longbow (severely wounded)
The thunderbolt hits the frost giant!!
The frost giant is heavily wounded.
The thunderbolt hits the tengu warrior!
The tengu warrior is moderately wounded.
The thunderbolt hits the tengu warrior!
You kill the tengu warrior!
Sif Muna accepts your kill.
The frost giant hits you with a +1 battleaxe of freezing.
The frost giant freezes you.
Aiming: Thunderbolt
Press: ? - help, Shift-Dir - straight line, f - tengu warrior
Aim: a tengu warrior, wielding a +0 arbalest (water, moderately wounded)
The thunderbolt hits the frost giant!!
The frost giant is severely wounded.
The thunderbolt hits the tengu warrior!!
The tengu warrior is severely wounded.
The lightning rod overheats!
The tengu warrior shoots a bolt.
The bolt hits you!!
The frost giant hits you with a +1 battleaxe of freezing!!!
Ouch! That really hurt!
You die...

###########
#≈≈........#
#≈.#≈≈≈# #'#
###......#)..#
#.'.##°@C'.>.#
#.#......#...#
##.#≈.#≈≈Q# #+#
##..#≈≈...... #
####..###########
# #....## #
#.#### # #.# #
#.#


You could see a frost giant and a tengu warrior.

Vanquished Creatures
  A minotaur (Gauntlet)
  A rakshasa (D:13)
  A hell beast (Gauntlet)
  An ogre mage (D:15)
  A ghost crab (Gauntlet)
  6 boulder beetles
  9 two-headed ogres
  2 dancing weapons (D:13)
  5 centaur warriors
  3 tengu warriors
  An orc knight (D:12)
  4 cyclopes
  14 ugly things
  3 deep elf pyromancers
  A manticore (D:12)
  3 elephants (Gauntlet)
  A torpor snail (Gauntlet)
  2 gargoyles
  A kobold demonologist (D:11)
  A komodo dragon (shapeshifter) (D:15)
  A freezing wraith (D:10)
  The ghost of Gumption the Ducker, an amateur GnMo of Uskayaw (D:3)
  5 trolls
  A snapping turtle (shapeshifter) (D:13)
  13 slime creatures
  Sigmund (D:4)
  A centaur simulacrum (D:15)
  3 shadows
  3 wyverns
  A vampire (D:12)
  2 wraiths
  A steam dragon (D:8)
  2 basilisks
  32 yaks
  3 vampire mosquitoes
  2 acid dragons
  The ghost of raetorn the Digger, an amateur GrEE (D:6)
  5 orc warriors
  A sky beast (D:7)
  5 ice beasts
  2 black bears
  6 ogres
  8 centaurs
  2 phantoms (D:6)
  3 kobold brigands
  3 gnoll sergeants
  5 bullfrogs
  A scorpion (D:6)
  A hornet simulacrum (D:6)
  10 wights
  5 killer bees (D:8)
  4 howler monkeys
  3 centaur zombies (Ossuary)
  3 jellies
  14 orc priests
  2 hounds
  7 iguanas
  14 orc wizards
  A bullfrog simulacrum (D:6)
  4 mummies (Ossuary)
  14 gnolls
  11 adders
  A shadow imp (D:6)
  3 white imps
  A howler monkey simulacrum (D:6)
  2 worms
  3 dart slugs
  52 orcs
  4 bats
  3 endoplasms
  3 giant cockroaches
  2 hobgoblins
  2 jackals (D:5)
  16 kobolds
  3 quokkas
  2 ball pythons (D:1)
  4 frilled lizards
  13 goblins
  5 hobgoblin zombies (Ossuary)
  5 rats
  A rat zombie (D:5)
  A spectral kobold (D:10)
394 creatures vanquished.

Notes
Turn   | Place    | Note
-------+----------+-------------------------------------------
     0 | D:1      | Anriel the Deep Elf Conjurer began the quest for the Orb.
     0 | D:1      | Reached XP level 1. HP: 10/10 MP: 6/6
   238 | D:1      | Reached XP level 2. HP: 15/15 MP: 6/8
   241 | D:1      | Learned a level 2 spell: Searing Ray
   869 | D:2      | Reached skill level 5 in Conjurations
   869 | D:2      | Reached XP level 3. HP: 19/19 MP: 5/9
  1373 | D:2      | Reached XP level 4. HP: 24/24 MP: 5/10
  1836 | D:3      | Reached XP level 5. HP: 28/28 MP: 1/11
  2247 | D:3      | Identified the +1 hand axe of Celaw {antimagic, rElec rN+++
                  | Will- Dex-5}
  2273 | D:3      | Found a runed translucent door.
  2278 | D:3      | Noticed Gumption's ghost (amateur GnMo)
  2381 | D:3      | Noticed a black bear
  2388 | D:3      | Killed a black bear
  2389 | D:3      | Reached skill level 4 in Spellcasting
  2389 | D:3      | Reached XP level 6. HP: 22/32 MP: 4/14
  2580 | D:3      | Found a basalt altar of Yredelemnul.
  2819 | D:4      | Learned a level 4 spell: Iskenderun's Mystic Blast
  2824 | D:4      | Learned a level 4 spell: Airstrike
  2915 | D:4      | Noticed Sigmund
  2923 | D:4      | Killed Sigmund
  2924 | D:4      | Reached skill level 5 in Stealth
  2924 | D:4      | Reached skill level 5 in Spellcasting
  2959 | D:4      | Reached skill level 5 in Dodging
  2959 | D:4      | Reached XP level 7. HP: 36/36 MP: 8/17
  3103 | D:4      | Reached skill level 1 in Translocations
  3232 | D:4      | Reached skill level 1 in Armour
  3351 | D:4      | Reached skill level 1 in Air Magic
  3914 | D:5      | Entered Level 5 of the Dungeon
  3985 | D:5      | Found a sand-covered staircase.
  3998 | Ossuary  | Entered an ossuary
  4422 | D:5      | Reached XP level 8. HP: 41/41 MP: 11/18
  4572 | D:5      | Noticed a two-headed ogre
  4816 | D:6      | Found a runed translucent gate.
  4816 | D:6      | Found a runed translucent gate.
  4816 | D:6      | Found a runed translucent gate.
  5331 | D:6      | Identified the +12 hand axe "Rann" {protect, Dex+4}
  5778 | D:6      | Noticed raetorn's ghost (amateur GrEE)
  5848 | D:6      | Reached skill level 5 in Armour
  5936 | D:6      | Reached XP level 9. HP: 45/45 MP: 3/19
  5969 | D:6      | Reached skill level 5 in Translocations
  6020 | D:6      | Killed raetorn's ghost
  6249 | D:7      | Reached skill level 1 in Ice Magic
  6327 | D:7      | Reached skill level 5 in Air Magic
  6575 | D:7      | Found a broken altar of Ashenzari.
  6579 | D:7      | Saw a vision of the Shoals and the Spider Nest.
  6579 | D:7      | Noticed a merfolk
  6579 | D:7      | Noticed a manticore
  6579 | D:7      | Noticed a merfolk
  6579 | D:7      | Noticed a skyshark
  6579 | D:7      | Noticed a harpy
  6579 | D:7      | Noticed a merfolk impaler
  6579 | D:7      | Noticed a merfolk impaler
  6579 | D:7      | Noticed a merfolk aquamancer
  6579 | D:7      | Noticed a merfolk
  6579 | D:7      | Noticed a sea snake
  6579 | D:7      | Noticed a skyshark
  6579 | D:7      | Noticed a moth of wrath
  6580 | D:7      | Noticed a water nymph
  6580 | D:7      | Noticed a sea snake
  6737 | D:7      | Reached skill level 1 in Fire Magic
  6964 | D:7      | Found Kuthuill's Book Shoppe.
  7070 | D:7      | Found a staircase to the Ecumenical Temple.
  7084 | Temple   | Entered the Ecumenical Temple
  7101 | Temple   | Became a worshipper of Sif Muna the Loreminder
  7607 | D:3      | Killed Gumption's ghost
  7991 | D:8      | Found a hide-covered altar of Uskayaw.
  8228 | D:8      | Reached XP level 10. HP: 38/50 MP: 10/20
  8264 | D:8      | Reached * piety under Sif Muna
  8276 | D:8      | Reached skill level 10 in Conjurations
  8276 | D:8      | Reached skill level 5 in Ice Magic
  8430 | D:8      | Learned a level 2 spell: Static Discharge
  8434 | D:8      | Learned a level 3 spell: Hailstorm
  8474 | D:8      | Noticed a centaur warrior
  8478 | D:8      | Killed a centaur warrior
  8479 | D:8      | Reached skill level 6 in Spellcasting
  8479 | D:8      | Reached skill level 5 in Fire Magic
  8503 | D:8      | Reached skill level 7 in Spellcasting
  8545 | D:8      | Reached skill level 1 in Invocations
  8864 | D:8      | Reached skill level 8 in Spellcasting
  8864 | D:8      | Noticed a cyclops
  8868 | D:8      | Killed a cyclops
  8869 | D:8      | Reached skill level 9 in Spellcasting
  8869 | D:8      | Reached XP level 11. HP: 39/54 MP: 15/26
  8875 | D:8      | Reached ** piety under Sif Muna
  8882 | D:8      | Reached skill level 5 in Hexes
  9342 | D:9      | Reached skill level 10 in Spellcasting
  9523 | D:9      | Noticed a purple ugly thing
  9527 | D:9      | Noticed a centaur warrior
  9540 | D:9      | Killed a purple ugly thing
  9541 | D:9      | Reached skill level 1 in Fighting
  9541 | D:9      | Reached skill level 1 in Evocations
  9549 | D:9      | Killed a centaur warrior
  9704 | D:9      | Found Zikubel's Weapon Emporium.
  9748 | D:9      | Reached skill level 5 in Invocations
  9849 | D:9      | Noticed a two-headed ogre
  9856 | D:9      | Killed a two-headed ogre
 10124 | D:5      | Killed a two-headed ogre
 10597 | D:10     | Entered Level 10 of the Dungeon
 10616 | D:10     | Reached *** piety under Sif Muna
 10618 | D:10     | Reached skill level 1 in Earth Magic
 11026 | D:10     | Got the Elucidation of the Bruised Violins
 11032 | D:10     | Learned a level 3 spell: Stone Arrow
 11058 | D:10     | Found a hazy altar of Hepliaklqana.
 11161 | D:10     | Found a staircase to the Orcish Mines.
 11285 | D:10     | Found a sparkling altar of Nemelex Xobeh.
 11339 | D:10     | Reached skill level 5 in Fighting
 11366 | D:10     | Found a staircase to the Lair.
 11470 | D:10     | Noticed a death knight
 11574 | D:11     | Noticed a boulder beetle
 11580 | D:11     | Killed a boulder beetle
 11581 | D:11     | Reached XP level 12. HP: 68/68 MP: 23/28
 11666 | D:11     | Reached skill level 5 in Evocations
 12160 | D:11     | Got An Early Guide to Spellcasting
 12726 | D:12     | Noticed a tengu warrior
 12728 | D:12     | Noticed a tengu warrior
 12757 | D:12     | Killed a tengu warrior
 12854 | D:12     | Killed a tengu warrior
 13014 | D:12     | Noticed a boulder beetle
 13025 | D:12     | Killed a boulder beetle
 13120 | D:12     | Reached skill level 5 in Earth Magic
 13320 | D:12     | Reached **** piety under Sif Muna
 13395 | D:13     | Found a gate leading to a gauntlet.
 13403 | Gauntlet | Entered a Gauntlet
 13403 | Gauntlet | Found a transporter.
 13403 | Gauntlet | Found a transporter.
 13421 | Gauntlet | Found a transporter.
 13423 | Gauntlet | Found a transporter.
 13436 | Gauntlet | Found a transporter.
 13440 | Gauntlet | Found a transporter.
 13452 | Gauntlet | Found a transporter.
 13461 | Gauntlet | Found the +3 pair of mountain boots {steadfast, rC+}
 13472 | Gauntlet | Noticed a ghost crab
 13473 | Gauntlet | Found a transporter.
 13490 | Gauntlet | Found a transporter.
 13494 | Gauntlet | Found a transporter.
 13498 | Gauntlet | Noticed a hell beast
 13508 | Gauntlet | Found a transporter.
 13512 | Gauntlet | Found a transporter.
 13907 | Gauntlet | Killed a hell beast
 13918 | Gauntlet | Identified the +0 helmet of Past Mistakes {rPois}
 13996 | Gauntlet | Killed a ghost crab
 13997 | Gauntlet | Reached skill level 10 in Dodging
 14049 | Gauntlet | Identified the ring "Gydanaedgh" {rF+ rN++ Dex+6 Slay+3
                  | Stlth+}
 14150 | Gauntlet | Identified the +10 halberd of the Doomed God {heavy, Dex+3
                  | Stlth+}
 14150 | Gauntlet | Noticed a minotaur
 14164 | Gauntlet | Killed a minotaur
 14521 | D:13     | Noticed a rakshasa
 14529 | D:13     | Killed a rakshasa
 14530 | D:13     | Reached skill level 11 in Spellcasting
 14661 | D:13     | Noticed a centaur warrior
 14684 | D:13     | Reached XP level 13. HP: 32/72 MP: 20/30
 15084 | D:13     | Found a gate to the Vaults.
 15801 | D:14     | Reached skill level 10 in Invocations
 15811 | D:14     | Reached skill level 12 in Spellcasting
 16536 | D:14     | Found a shadowy altar of Dithmenos.
 17054 | D:15     | Entered Level 15 of the Dungeon
 17178 | D:15     | Reached skill level 13 in Spellcasting
 17349 | D:15     | Reached XP level 14. HP: 71/78 MP: 27/33
 17670 | D:15     | Found a staircase to the Depths.
 17670 | D:15     | Noticed a frost giant
 17675 | D:15     | Slain by a frost giant

Illustrated notes

Levels and vault maps discovered:
D:1:      shiori_arrival_maze, layout_loops_ring
D:2:      minmay_alternating_diamond, layout_basic
D:3:      layout_loops_ring, mainiacjoe_overflow_alcove_4,
          ebering_ghost_reflecting_pool
D:4:      layout_loops_corners, minivault_24, uniq_sigmund
D:5:      layout_rooms, enter_ossuary_3, minmay_misc_feat_roman, chequers_jeans
D:6:      layout_basic, gammafunk_ghost_icy
D:7:      layout_loops_ring, grunt_ashenzari_visionary
          [grunt_ashenzari_visionary_shoals, grunt_ashenzari_visionary_spider],
          minmay_temple_entry_overgrown, serial_shops,
          nicolae_shop_just_a_little_nook
D:8:      layout_cave_pools, mainiacjoe_overflow_alcove_2,
          minmay_curled_crystal, kennysheep_nub, grunt_potential
D:9:      layout_big_octagon, serial_shops, shop,
          nicolae_concentric_dashed_squares_wild, small_statue_intersection,
          minmay_checkerbox
D:10:     layout_loops_cross, nicolae_hepliaklqana_monster_ancestors,
          nemelex_xobeh_ov_fountains_minmay, david_lair_generic,
          minmay_orc_entry_temple_small
D:11:     layout_long_grid, minmay_puff
D:12:     layout_roguey, hex_large
D:13:     layout_basic, erik_vaults_1, gauntlet_entry_generic
D:14:     layout_stronghold, grunt_decor_junction,
          grunt_dithmenos_smoke_and_mirrors
D:15:     grunt_enter_depths_snipers, layout_small_grid, nrook_campfire,
          dk_noncrumbling_3
Temple:   nicolae_temple_bog_church

Skill      XL: |  1  2  3  4  5  6  7  8  9 10 11 12 13 |
---------------+----------------------------------------+-----
Stealth        | 3 4 5 |  5.0
Dodging        | 3 4 5 6 10 | 10.0
Conjurations   | 5 6 9 10 11 | 11.8
Spellcasting   | 4 5 9 10 11 13 | 13.3
Translocations | 2 4 5 |  5.0
Armour         | 3 5 |  5.0
Air Magic      | 2 4 5 6 |  6.6
Ice Magic      | 4 5 |  5.0
Fire Magic     | 3 5 |  5.0
Hexes          | 4 5 |  5.0
Invocations    | 3 5 8 10 | 10.0
Fighting       | 5 |  5.0
Evocations     | 4 5 |  5.0
Earth Magic    | 2 5 6 |  6.9

Action                     |  1- 3 |  4- 6 |  7- 9 | 10-12 | 13-15 || total
---------------------------+-------+-------+-------+-------+-------++-------
  Melee: Unarmed           |     1 |       |       |       |       ||     1
         Hand axe          |       |       |    49 |    48 |       ||    97
         Punch             |       |       |     1 |       |       ||     1
   Cast: Magic Dart        |    48 |    54 |   202 |   106 |    16 ||   426
         Searing Ray       |     4 |    13 |    48 |    30 |     2 ||    97
         Iskenderun's Myst |       |       |     8 |    56 |    33 ||    97
         Airstrike         |       |       |     1 |    18 |     3 ||    22
         Hailstorm         |       |       |       |    25 |     8 ||    33
         Stone Arrow       |       |       |       |    94 |    94 ||   188
         Static Discharge  |       |       |       |     5 |       ||     5
 Invoke: Channel Magic     |       |       |       |     3 |     2 ||     5
         Forget Spell      |       |       |       |     1 |       ||     1
  Evoke: Wand              |       |       |       |       |     3 ||     3
         Lightning rod     |       |       |       |       |     4 ||     4
    Use: Scroll            |     1 |     5 |     9 |     8 |     1 ||    24
         Potion            |       |     1 |     1 |     8 |     8 ||    18
   Stab: Sleeping          |       |       |     2 |       |       ||     2
 Armour: Robe              |     3 |     1 |    19 |    15 |     4 ||    42
  Dodge: Dodged            |     6 |    14 |   117 |   184 |    35 ||   356
